 Dungeon Crawl Stone Soup version 0.31-a0-102-g33a4ccc0cb (webtiles) character file.

Game seed: 17372525676866337736

9 Esekla the Sneak (level 2, 9/21 HPs)
             Began as an Octopode Delver on May 26, 2023.
             Quit the game on level 5 of the Dungeon.
             The game lasted 00:00:39 (49 turns).

Esekla the Sneak (Octopode Delver)                    Turns: 49, Time: 00:00:39

Health: 9/21       AC:  1    Str: 11    XL:     2   Next: 12%
Magic:  2/2        EV: 13    Int: 12    God:
Gold:   0          SH:  0    Dex: 13    Spells: 1/1 levels left

rFire   . . .        a - +0 falchion
rCold   . . .        (no shield)
rNeg    . . .        (helmet restricted)
rPois   .            (no amulet)
rElec   .            (no ring)
rCorr   .            (no ring)
SInv    .            (no ring)
Will    .....        (no ring)
Stlth   ++++         (no ring)
HPRegen 0.23/turn    (no ring)
MPRegen 0.08/turn    (no ring)
                     (no ring)

%: no passive effects
@: no status effects
A: almost no armour, amphibious, 8 rings, camouflage 1, gelatinous body 1,
(nimble swimmer 1), tentacles
a: no special abilities


You were on level 5 of the Dungeon.
You visited 1 branch of the dungeon, and saw 1 of its levels.

Inventory:

Hand Weapons
 a - a +0 falchion (weapon)
Wands
 c - a wand of roots (12)
 f - a wand of digging (3)
Scrolls
 b - a scroll of fog
 d - a scroll of fear
Potions
 e - a potion of haste


   Skills:
 * Level 3.1 Fighting
 * Level 2.1 Long Blades
 * Level 2.1 Dodging
 + Level 6.8 Stealth
 * Level 0.2 Spellcasting


You had one spell level left.
You didn't know any spells.
Your spell library was empty.

Dungeon Overview and Level Annotations

Branches:
Dungeon (5/15)
 Temple: D:4-7

Altars:
Ashenzari


Innate Abilities, Weirdness & Mutations

You cannot wear most types of armour.
You are amphibious.
You can wear up to eight rings at the same time.
Your skin changes colour to match your surroundings (Stealth+).
Your rubbery body absorbs attacks. (AC +1, EV +1)
((You are camouflaged when in or above water. (Stealth+)))
You have tentacles for arms and can constrict up to eight enemies at once.


Message History

Press ? for a list of commands and other information.
Found a stone staircase leading down.
There is a stone staircase leading down here.
An adder comes into view.
As you read the scroll of magic mapping, it crumbles to dust.
You feel aware of your surroundings.
You sensed 1 altar.
You hit the adder. Your grab misses the adder.
The adder is heavily wounded.
The adder bites you.
You closely miss the adder. Your grab misses the adder.
The adder is heavily wounded.
The adder closely misses you. The adder bites you.
You barely miss the adder. You grab the adder.
The adder is heavily wounded.
You constrict the adder. The adder bites you.
You are poisoned.
The adder poisons you!
You hit the adder. Your squeeze misses the adder.
The adder is almost dead.
You constrict the adder.
You kill the adder!
You feel sick.
You have reached level 2!
Unknown command.
You feel sick.
You see here an adder corpse.
You feel sick.
You feel sick.
You feel sick.
You are no longer poisoned.
Found a jewelled bone wand.
Found a stone staircase leading up.
A white imp comes into view.
The white imp shouts!
You see here a wand of roots (12).
c - a wand of roots (12)
The white imp gestures at you. The puff of frost hits you!
Found a broken altar of Ashenzari.
Are you sure you want to abandon this character and quit the game? (Confirm with "yes".)

**,,,,,,,,,,~,***,*,~,,** **
*,,,,,,,,...≈.#...#.≈..# *
,,,,,,,,,...≈.#._.#.≈..#*
*,,,,,,,,,#.≈.#...#^≈...******
*,,,,,,,,*#.≈.#.###.≈.#,,,,,,****
,,,,,,,,,*#.≈.......≈.#,,,,,,,,,,
,,***,,,,*#.≈≈≈≈≈≈≈≈≈.#,,***,,,,,
,** **,.,*#...........#,,* ****,,
,* **..##..#..@#***,,,,* **,,, ,*
*#...#...### ***,,* **,,,* ,*
*#......# *,,***,,,** ,*
##..<..## **#.,**,,,** ,*
#....5.#*###...,,,,*** ,*
#...#..##.....#*,,** ,*
#.........5#*****,** ,*
*#........### *,,* ,**
***#...####..# **,**


There were no monsters in sight!

Vanquished Creatures
  An adder (D:5)
1 creature vanquished.

Notes
Turn   | Place    | Note
-------+----------+-------------------------------------------
     0 | D:5      | Esekla the Octopode Delver began the quest for the Orb.
     0 | D:5      | Reached XP level 1. HP: 16/16 MP: 1/1
    17 | D:5      | Reached XP level 2. HP: 14/21 MP: 2/2
    46 | D:5      | Found a broken altar of Ashenzari.
    49 | D:5      | Quit the game

Illustrated notes

Levels and vault maps discovered:
D:5:      corexii_shack_village, layout_layer_cave,
          mainiacjoe_overflow_brackets, uniq_ijyb, uniq_crazy_yiuf_cottage,
          uniq_duvessa

Action                     || total
---------------------------++-------
  Melee: Falchion          ||     4
         Constrict         ||     1
    Use: Scroll            ||     1
  Dodge: Dodged            ||     1

Table legend: (Time is in decaauts)
 A = Elapsed time spent in this place.
 B = Non-inter-level travel time spent in this place.
 C = Inter-level travel time spent in this place.
 D = Time resting spent in this place.
 E = Time spent auto-exploring this place.
 F = Levels seen in this place.
 G = Mean time per level.
                   A        B        C        D        E       F      G
               +--------+--------+--------+--------+--------+-----+--------+
         Total |     49 |     49 |      0 |      0 |      0 |   1 |   49.0 |
       Dungeon |     49 |     49 |      0 |      0 |      0 |   1 |   49.0 |
               +--------+--------+--------+--------+--------+-----+--------+

Top non-repeatable levels by time:
     D:5: 49 daAuts
